 Dungeon Crawl Stone Soup version 0.23-a0-269-g65e0026 (console) character file.

681 nht the Skirmisher (level 7, -5/76 HPs)
             Began as an Ogre Fighter on Sept 30, 2018.
             Slain by an orc warrior
             ... wielding a +0 hand axe
              (15 damage)
             ... on level 5 of the Dungeon.
             The game lasted 00:06:02 (4026 turns).

nht the Skirmisher (Ogre Fighter)                   Turns: 4026, Time: 00:06:04

Health: -5/76      AC:  5    Str: 23    XL:     7   Next: 61%
Magic:  7/7        EV:  9    Int:  9    God:
Gold:   319        SH:  9    Dex:  8    Spells: 6/6 levels left

rFire    + . .     SeeInvis .   a - +0 war axe
rCold    + . .     Gourm    .   c - +0 shield
rNeg     . . .     Faith    .   p - +0 robe
rPois    .         Spirit   .   (helmet restricted)
rElec    .         Reflect  .   g - scarf {rC+ rF+}
rCorr    .         Harm     .   (gloves unavailable)
MR       +....                  (boots unavailable)
Stlth    +.........             (no amulet)
HPRegen  0.22/turn              k - +2 ring of protection
MPRegen  0.10/turn              y - ring of protection from magic

@: no status effects
A: large, unfitting armour, tough skin 1
a: no special abilities


You were on level 5 of the Dungeon.
You were not hungry.

You visited 1 branch of the dungeon, and saw 6 of its levels.

You collected 319 gold pieces.

Inventory:

Hand Weapons
 a - a +0 war axe (weapon)
 E - the +0 mace of Runep {crush, *Corrode Int+5}
   (You found it on level 4 of the Dungeon)

   It inflicts extra damage upon your enemies.
   It affects your intelligence (+5).
   It may corrode you when you take damage.
Missiles
 m - 7 javelins
 q - 4 tomahawks of returning (quivered)
 s - 7 tomahawks
 v - 3 large rocks
 z - 6 steel javelins
Armour
 c - a +0 shield (worn)
 e - a scarf of spirit shield
 g - a scarf of resistance (worn)
 p - a +0 robe (worn)
Magical Staves
 D - an uncursed staff of death {unknown}
Jewellery
 k - a +2 ring of protection (left hand)
 o - an uncursed ring of fire
 y - a ring of protection from magic (right hand)
Wands
 u - a wand of flame (28)
Scrolls
 i - a scroll of remove curse
 l - a scroll of fear {unknown}
 r - 4 scrolls of teleportation
 t - 4 scrolls of identify
 w - a scroll of immolation {unknown}
 A - a scroll of enchant armour {unknown}
Potions
 d - a potion of might
 h - 2 potions of haste
 j - 2 potions of flight
 n - a potion of brilliance
 x - a potion of heal wounds {unknown}
 B - 3 potions of curing {unknown}
 C - a potion of mutation {unknown}
Comestibles
 b - a chunk of flesh
 f - 8 rations


   Skills:
 + Level 6.6 Fighting
 * Level 6.0 Axes
 - Level 2.6 Dodging
 + Level 4.5 Shields


You had 6 spell levels left.
You didn't know any spells.
Your spell library was empty.

Dungeon Overview and Level Annotations

Branches:
Dungeon (6/15)             Temple (0/1) D:5

Altars:
Fedhas


Innate Abilities, Weirdness & Mutations

You are too large for most types of armour.
You have tough skin. (AC +1)


Message History

The orc warrior hits you with a hand axe!
You slash the orc warrior!
The orc warrior is heavily wounded.
You block the orc warrior's attack.
The orc wizard mumbles some strange words.
The orc wizard flickers and vanishes!
Deactivating autopickup; reactivate with Ctrl-A.
You hit the orc warrior.
The orc warrior is heavily wounded.
The orc warrior hits you with a hand axe.
The orc warrior barely misses you.
You closely miss the orc warrior.
The orc warrior is heavily wounded.
The orc warrior hits you with a hand axe!
* * * LOW HITPOINT WARNING * * *
There is a stone staircase leading up here.
You climb upwards.
There is a stone staircase leading down here.
The orc warrior hits you with a hand axe!
You die...

█████.█.█ █.█
█.....█ █....
█.█.█ █.█
█.....███..█.
█...█ █.█
█.........(.█
█.███ ██.█
█.........██.
████████.█
█..█
█.███.██████.
.........█
█.██ █<█
█.██████.
████████.█
█>█ █.█
█.....÷..
██████.█


█o█ █.█ █████████ █......█ █@█ █.█ █.████.█ █.████.█ █÷█ ██.██ █...██.█ █.█
█>..████████.██.█ ███.███.........██.██.█ ███ .[.█.██...█████.......█ █..
███.███████ ████÷████ █.█ ███.████ █.█ █.█ ...█...█ █.█ █.█ You could see an orc
warrior.

Vanquished Creatures
  An ogre (D:3)
  A phantom (D:5)
  A centaur (D:5)
  A crimson imp (D:5)
  A bullfrog skeleton (D:5)
  Crazy Yiuf (D:4)
  A hound (D:4)
  2 worker ants
  3 orc wizards
  6 adders
  A shadow imp (D:2)
  2 oozes
  2 adder skeletons (D:4)
  A worm (D:3)
  4 dart slugs
  A leopard gecko (D:5)
  7 orcs (D:3)
  2 ball pythons
  6 giant cockroaches
  12 goblins
  8 hobgoblins
  6 jackals
  2 quokkas (D:5)
  3 bats
  11 frilled lizards
  13 kobolds
  13 rats
112 creatures vanquished.

Notes
Turn   | Place    | Note
-------+----------+-------------------------------------------
     0 | D:1      | nht the Ogre Fighter began the quest for the Orb.
     0 | D:1      | Reached XP level 1. HP: 24/24 MP: 1/1
    89 | D:1      | Reached XP level 2. HP: 20/32 MP: 2/2
   575 | D:1      | Reached XP level 3. HP: 29/40 MP: 3/3
  1101 | D:2      | Reached XP level 4. HP: 25/49 MP: 4/4
  1578 | D:3      | Noticed an ogre
  1782 | D:3      | Reached skill level 5 in Fighting
  1782 | D:3      | Reached XP level 5. HP: 45/57 MP: 5/5
  1829 | D:3      | Killed an ogre
  1829 | D:3      | Reached XP level 6. HP: 52/66 MP: 4/6
  2592 | D:4      | Got a warped wooden ring
  2593 | D:4      | Identified the ring "Hiemev" {rC- Int+2 Dex+4 Stlth+} (You
                  | found it on level 4 of the Dungeon)
  2861 | D:4      | Found a blossoming altar of Fedhas.
  3053 | D:4      | Found a runed door.
  3195 | D:4      | Noticed Crazy Yiuf
  3204 | D:4      | Killed Crazy Yiuf
  3204 | D:4      | Reached skill level 5 in Axes
  3210 | D:4      | Got a steaming mace
  3211 | D:4      | Identified the cursed +0 mace of Runep {crush, *Corrode
                  | Int+5} (You found it on level 4 of the Dungeon)
  3272 | D:5      | Entered Level 5 of the Dungeon
  3330 | D:5      | Reached XP level 7. HP: 44/75 MP: 7/7
  3729 | D:5      | Found a staircase to the Ecumenical Temple.
  4026 | D:5      | Slain by an orc warrior

Vault maps used:
D:1:      minmay_arrival_shattered_statue, roderic_lattice_a
D:2:      kennysheep_minor_cross
D:3:      cheibrodos_old_hovel
D:4:      first_ration, fedhas_altar_1, uniq_crazy_yiuf_cottage
D:5:      temple_doors_e

Skill      XL: |  1  2  3  4  5  6  7 |
---------------+----------------------+-----
Shields        | 3 4 |  4.5
Axes           | 3 4 5 6 |  6.0
Fighting       | 5 6 |  6.6
Dodging        | |  2.6

Action                   |  1- 3 |  4- 6 |  7- 9 || total
-------------------------+-------+-------+-------++-------
Melee: War axe           |   126 |   195 |    67 ||   388
  Use: Scroll            |       |     5 |       ||     5
 Stab: Sleeping          |     1 |       |       ||     1
       Invisible         |       |     2 |       ||     2
  Eat: Chunk             |     1 |     7 |     3 ||    11
Armor: Robe              |    37 |    69 |    11 ||   117
Dodge: Dodged            |    46 |    68 |    13 ||   127
Block: Shield            |    61 |   104 |    29 ||   194

Table legend:
 A = Non-vault XP
 B = Vault XP
 C = Vault XP percentage of total XP
 D = Non-vault monster count
 E = Vault monster count
 F = Vault count percentage of total count
                 A         B        C        D         E       F
            +---------+---------+-------+---------+---------+-------
      Total |     926 |      47 |   4.8 |     110 |       2 |   1.8
            +---------+---------+-------+---------+---------+-------
        D:1 |      54 |       0 |   0.0 |      31 |       0 |   0.0
        D:2 |      71 |       0 |   0.0 |      29 |       0 |   0.0
        D:3 |     261 |       7 |   2.6 |      28 |       1 |   3.4
        D:4 |     100 |      40 |  28.6 |       6 |       1 |  14.3
        D:5 |     404 |       0 |   0.0 |      15 |       0 |   0.0
        D:6 |      36 |       0 |   0.0 |       1 |       0 |   0.0
            +---------+---------+-------+---------+---------+-------
